 Dungeon Crawl Stone Soup version 0.30-a0-4-ga7cffc901d (webtiles) character file.

Game seed: 12829084714979317215

1166 Flugkiller the Cleaver (level 8, 0/71 HPs)
             Began as a Minotaur Fighter on Aug 21, 2022.
             Was a Follower of Uskayaw.
             Slain by an ogre
             ... wielding a +0 giant club
              (2 damage)
             ... on level 5 of the Dungeon.
             The game lasted 00:02:18 (5048 turns).

Flugkiller the Cleaver (Minotaur Fighter)           Turns: 5048, Time: 00:02:19

Health: 0/71       AC: 12    Str: 21    XL:     8   Next: 17%
Magic:  6/9        EV:  7    Int:  5    God:    Uskayaw [*.....]
Gold:   245        SH:  4    Dex: 12    Spells: 7/7 levels left

rFire   + + +      SeeInvis .    a - +0 war axe
rCold   . . .      Faith    .    c - +0 buckler
rNeg    . . .      Spirit   .    u - +1 chain mail "Kuanaa" {-Cast +Blink rPois rF+++}
rPois   +          Reflect  .    (helmet restricted)
rElec   .          Harm     .    z - +0 cloak
rCorr   .          Rampage  .    (no gloves)
Will    .....      NoCast   +    (no boots)
Stlth   ..........               (no amulet)
HPRegen 0.21/turn                (no ring)
MPRegen 0.11/turn                (no ring)

@: no status effects
A: horns 2, retaliatory headbutt
a: Renounce Religion, Evoke Blink, Stomp


You were on level 5 of the Dungeon.
You worshipped Uskayaw.
Uskayaw was noncommittal.
You visited 1 branch of the dungeon, and saw 5 of its levels.

You collected 245 gold pieces.

Inventory:

Hand Weapons
 a - a +0 war axe (weapon)
Armour
 b - a +0 scale mail
 c - a +0 buckler (worn)
 u - the +1 chain mail "Kuanaa" (worn) {-Cast +Blink rPois rF+++}
   (You found it on level 4 of the Dungeon)

   rF:        It renders you almost immune to fire.
   rPois:     It protects you from poison.
   +Blink:    It lets you blink.
   -Cast:     It prevents spellcasting.
 z - a +0 cloak (worn)
   (You found it on level 5 of the Dungeon)
Jewellery
 o - a ring of poison resistance
   (You took it off a kobold on level 3 of the Dungeon)
 y - a ring of wizardry
   (You found it on level 5 of the Dungeon)
Scrolls
 f - a scroll of noise {unknown}
 h - a scroll of vulnerability
 j - a scroll of fear {unknown}
 k - a scroll of silence {unknown}
 p - a scroll of enchant weapon {unknown}
 s - a scroll of poison {unknown}
 t - a scroll of teleportation
 v - a scroll of immolation
 x - a scroll of enchant armour
Potions
 d - a potion of might
 e - a potion of mutation {unknown}
 g - 4 potions of lignification
 i - a potion of heal wounds {unknown}
 l - a potion of degeneration {unknown}
 m - a potion of attraction {unknown}
 n - a potion of haste {unknown}
 q - a potion of flight {unknown}
 w - a potion of berserk rage {unknown}


   Skills:
 + Level 6.5 Fighting
 * Level 8.1 Axes
 + Level 6.5 Armour
 - Level 3.6 Shields
 + Level 3.1 Invocations


You had 7 spell levels left.
You didn't know any spells.
Your spell library was empty.

Dungeon Overview and Level Annotations

Branches:
Dungeon (5/15)             Temple (0/1) D:4

Altars:
Ashenzari
Fedhas
Trog
Uskayaw
Yredelemnul
Zin


Innate Abilities, Weirdness & Mutations

You have a pair of horns on your head.
You reflexively headbutt those who attack you in melee.


Message History

v - a scroll of immolation
As you read the scroll labelled SAL FEMOWKYNKO, it crumbles to dust.
You feel strangely unstable.
It was a scroll of teleportation.
t - a scroll of teleportation;
f - a scroll labelled KYIZOKH JALO
As you read the scroll labelled EWOORCH SEFU, it crumbles to dust.
Magic quickly surges around you.
It was a scroll of vulnerability.
Unknown command.
Okay, then.
You start waiting.
Your surroundings suddenly seem different.
An adder comes into view.
The adder hisses angrily.
An adder is nearby!
An adder is nearby!
An adder is nearby!
Found a stone staircase leading down.
You slash the adder!
You kill the adder!
No target in view!
No target in view!
No target in view!
No target in view!
No target in view!
No target in view!
No target in view!
Blork the orc comes into view.
He is wielding a +0 battleaxe.
Found a spear.
Blork the orc shouts!
An ogre comes into view. It is wielding a +0 giant club.
There are monsters nearby!
There are monsters nearby!
The ogre shouts!
Blork the orc gestures at you while chanting.
You block the puff of flame.
Blork the orc mumbles some strange words.
Blork the orc seems to speed up.
You see here an adder corpse.
Blork the orc screams, "Die!"
Blork the orc hits you but does no damage.
You barely miss Blork the orc.
Blork the orc hits you with a +0 battleaxe.
You hit Blork the orc but do no damage.
Blork the orc hits you with a +0 battleaxe!
Blork the orc barely misses you.
You hit Blork the orc but do no damage. You block Blork the orc's attack.
Blork the orc hits you with a +0 battleaxe.
You hit Blork the orc.
You headbutt Blork the orc, but do no damage.
Blork the orc is lightly wounded.
Blork the orc hits you with a +0 battleaxe.
Blork the orc miscasts a cantrip.
You slash Blork the orc!
Blork the orc is moderately wounded.
Blork the orc completely misses you.
You barely miss Blork the orc.
Blork the orc is moderately wounded.
You feel your willpower return. Blork the orc barely misses you.
Blork the orc screams, "I'll eat your brain!
And then I'll vomit it back up!"
Blork the orc hits you with a +0 battleaxe.
You closely miss Blork the orc.
Blork the orc is moderately wounded.
Blork the orc hits you but does no damage. x2
You barely miss Blork the orc.
You headbutt Blork the orc, but do no damage.
Blork the orc is moderately wounded.
Blork the orc hits you with a +0 battleaxe! x2
You closely miss Blork the orc. You headbutt Blork the orc.
Blork the orc is moderately wounded.
Blork the orc closely misses you.
Blork the orc hits you with a +0 battleaxe.
You hit Blork the orc.
Blork the orc is heavily wounded.
Blork the orc hits you with a +0 battleaxe!
* * * LOW HITPOINT WARNING * * *
You stomp with the beat, sending a shockwave through the revellers around you!
Blork the orc is severely wounded.
You can no longer stomp with the beat.
Blork the orc casts a spell at you. The puff of flame hits you. You resist.
* * * LOW HITPOINT WARNING * * *
You block Blork the orc's attack.
Okay, then.
You slash Blork the orc!
Blork the orc is almost dead.
Blork the orc gestures at you while chanting.
The puff of flame misses you.
Blork the orc hits you with a +0 battleaxe!
* * * LOW HITPOINT WARNING * * *
You can now stomp with the beat.
You hit Blork the orc.
You kill Blork the orc!
Your Axes skill increases to level 8!
Your Invocations skill increases to level 3!
Okay, then.
Okay, then.
You hit the ogre. You headbutt the ogre.
The ogre is moderately wounded.
The ogre hits you with a +0 giant club.
You die...

#....... #..# ####...##.. #
#..### .......##.# .. ##O...#
.......##.# #. #.o..##
.......##.###.# #....#
............#.## #†...#...
............#..# ###......#
.............#.###......###
.............#..@O.#>.#.#
####............####....# #
.###..###.###.........#.######.##
.#....# #.<.##........#.##.......
......#####.....#........#.<.....
.......).........................
#.#...##)).......................
.......#)##.............##.......
.........##....#........##.......


You could see an ogre.

Vanquished Creatures
  3 black bears (D:4)
  An ice beast (D:5)
  An ogre (D:5)
  A kobold brigand (D:4)
  Blork the orc (D:5)
  A necrophage (D:4)
  2 scorpions
  A hound (D:4)
  3 iguanas
  3 orc wizards
  10 adders
  A white imp (D:5)
  3 worms
  3 dart slugs (D:3)
  8 orcs
  6 bats
  5 endoplasms
  6 giant cockroaches
  11 goblins
  5 hobgoblins
  10 jackals
  6 kobolds
  3 quokkas
  6 ball pythons
  4 rats
104 creatures vanquished.

Notes
Turn   | Place    | Note
-------+----------+-------------------------------------------
     0 | D:1      | Flugkiller the Minotaur Fighter began the quest for the
                  | Orb.
     0 | D:1      | Reached XP level 1. HP: 19/19 MP: 0/0
   249 | D:1      | Reached skill level 3 in Axes
   249 | D:1      | Reached XP level 2. HP: 27/27 MP: 1/1
   972 | D:2      | Reached XP level 3. HP: 33/33 MP: 2/2
  1095 | D:2      | Found a faded altar of an unknown god.
  1139 | D:2      | Reached skill level 4 in Axes
  1793 | D:3      | Found a glowing silver altar of Zin.
  1793 | D:3      | Found a basalt altar of Yredelemnul.
  1828 | D:3      | Reached XP level 4. HP: 39/40 MP: 3/3
  2186 | D:3      | Found a hide-covered altar of Uskayaw.
  2223 | D:3      | Became a worshipper of Uskayaw the Reveller
  2513 | D:4      | Found a bloodstained altar of Trog.
  2513 | D:4      | Noticed a black bear
  2513 | D:4      | Noticed a black bear
  2520 | D:4      | Reached * piety under Uskayaw
  2521 | D:4      | Reached ** piety under Uskayaw
  2523 | D:4      | Killed a black bear
  2524 | D:4      | Reached skill level 5 in Axes
  2524 | D:4      | Reached XP level 5. HP: 17/47 MP: 4/4
  2544 | D:4      | Reached *** piety under Uskayaw
  2545 | D:4      | Killed a black bear
  2546 | D:4      | Reached skill level 5 in Fighting
  2546 | D:4      | Reached skill level 5 in Armour
  2546 | D:4      | Reached XP level 6. HP: 8/56 MP: 5/5
  2851 | D:4      | Reached skill level 6 in Axes
  2851 | D:4      | Found a broken altar of Ashenzari.
  2996 | D:4      | Identified the +1 chain mail "Kuanaa" {-Cast +Blink rPois
                  | rF+++}
  3006 | D:4      | Reached **** piety under Uskayaw
  3098 | D:4      | Reached skill level 1 in Invocations
  3281 | D:4      | Reached XP level 7. HP: 35/61 MP: 5/7
  3472 | D:4      | Found a staircase to the Ecumenical Temple.
  3768 | D:4      | Reached skill level 7 in Axes
  4338 | D:5      | Entered Level 5 of the Dungeon
  4696 | D:5      | Reached XP level 8. HP: 35/71 MP: 9/9
  4946 | D:5      | Found a blossoming altar of Fedhas.
  5023 | D:5      | Noticed Blork the orc
  5046 | D:5      | HP: 1/71 [Blork the orc/+0 battleaxe (10)]
  5047 | D:5      | Killed Blork the orc
  5048 | D:5      | Reached skill level 8 in Axes
  5048 | D:5      | Slain by an ogre

Illustrated notes

Levels and vault maps discovered:
D:1:      tarquinn_simple_flora_water_e, layout_loops_ring, hex_tiny,
          amcnicky_mini_rare_corridor_liquid
D:2:      minmay_angry_zag, layout_basic,
          dreamdust_ecumenical_altar_angels_and_demons
D:3:      layout_loops_cross, gammafunk_temple_overflow_wave,
          nicolae_uskayaw_murder_on_the_dancefloor, nrook_loot_triangle,
          minivault_11
D:4:      layout_basic, trog_ov_bears_minmay, nicolae_overflow_hidden_temple,
          minmay_temple_entry_glassed_door, minmay_checkerbox
D:5:      layout_rooms, mainiacjoe_overflow_alcove_4, uniq_blork_the_orc

Skill      XL: |  1  2  3  4  5  6  7  8 |
---------------+-------------------------+-----
Axes           | 3 4 5 6 7 8 |  8.1
Fighting       | 4 5 6 |  6.5
Armour         | 4 5 6 |  6.5
Invocations    | 1 2 3 |  3.1
Shields        | |  3.6

Action                   |  1- 3 |  4- 6 |  7- 9 || total
-------------------------+-------+-------+-------++-------
Melee: War axe           |    79 |    84 |    99 ||   262
       Headbutt          |     8 |    11 |    19 ||    38
Invok: Stomp             |       |       |     1 ||     1
  Use: Scroll            |       |       |     5 ||     5
 Stab: Paralysed         |       |     2 |     2 ||     4
Armor: Scale mail        |    32 |    33 |       ||    65
       Chain mail        |       |     9 |    49 ||    58
Dodge: Dodged            |    36 |    47 |    34 ||   117
Block: Buckler           |    19 |    27 |    15 ||    61

Table legend: (Time is in decaauts)
 A = Elapsed time spent in this place.
 B = Non-inter-level travel time spent in this place.
 C = Inter-level travel time spent in this place.
 D = Time resting spent in this place.
 E = Time spent auto-exploring this place.
 F = Levels seen in this place.
 G = Mean time per level.
                   A        B        C        D        E       F      G
               +--------+--------+--------+--------+--------+-----+--------+
         Total |   5116 |   4954 |    162 |    701 |   3556 |   5 | 1023.2 |
       Dungeon |   5116 |   4954 |    162 |    701 |   3556 |   5 | 1023.2 |
               +--------+--------+--------+--------+--------+-----+--------+

Top non-repeatable levels by time:
     D:4: 1947 daAuts
     D:1: 917 daAuts
     D:3: 803 daAuts
     D:2: 729 daAuts
     D:5: 718 daAuts
